 Dungeon Crawl Stone Soup version 0.28.0-53-g5a82cb258f (webtiles) character file.

Game seed: 10812885926171269523

12 ZappyNine the Ruffian (level 2, 0/25 HPs)
             Began as a Naga Transmuter on June 3, 2022.
             Slain by a ball python (2 damage)
             ... on level 1 of the Dungeon.
             The game lasted 00:00:46 (1066 turns).

ZappyNine the Ruffian (Naga Transmuter)             Turns: 1066, Time: 00:00:47

Health: 0/25       AC:  1    Str: 12    XL:     2   Next: 33%
Magic:  5/5        EV:  9    Int: 13    God:
Gold:   7          SH:  0    Dex: 11    Spells: 4/5 levels left

rFire   . . .      SeeInvis +     - Unarmed
rCold   . . .      Faith    .   (no shield)
rNeg    . . .      Spirit   .   a - +0 robe
rPois   +          Reflect  .   (helmet currently unavailable)
rElec   .          Harm     .   (no cloak)
rCorr   .          Rampage  .   (no gloves)
Will    .....                   (no barding)
Stlth   +.........              (no amulet)
HPRegen 0.08/turn               (no ring)
MPRegen 0.09/turn               (no ring)

@: appendages (expiring), invisible, very slow
A: horns 2, AC +0, large, see invisible, deformed body, poison resistance,
slowness 2, spit poison 1, naga tail 1
a: Spit Poison, End Transformation


You were on level 1 of the Dungeon.
You had temporarily grown beastly horns.
You visited 1 branch of the dungeon, and saw 1 of its levels.

You collected 7 gold pieces.

Inventory:

Armour
 a - a +0 robe (worn)
Scrolls
 b - 2 scrolls of identify {unknown}
 c - a scroll of noise {unknown}
 e - a scroll of immolation {unknown}
 f - a scroll of vulnerability {unknown}


   Skills:
 + Level 1.3 Fighting
 - Level 1.5 Dodging
 * Level 3.3 Unarmed Combat
 - Level 2.0 Spellcasting
 + Level 2.2 Transmutations


You had 4 spell levels left.
You knew the following spells:

 Your Spells              Type           Power      Damage    Failure   Level
a - Beastly Appendage     Tmut           14%        N/A       11%         1

Your spell library contained the following spells:

 Spells                   Type           Power      Damage    Failure   Level
 Wereblood                Tmut           7%         N/A       16%         2
 Spider Form              Tmut/Pois      4%         N/A       43%         3
 Ice Form                 Ice/Tmut       4%         N/A       85%         4


Dungeon Overview and Level Annotations

Branches:
Dungeon (1/15)

Altars:


Innate Abilities, Weirdness & Mutations

You have temporarily grown beastly horns.
Your serpentine skin is tough. (AC +0)
You have supernaturally acute eyesight. (SInv)
Armour fits poorly on your strangely shaped body.
Your system is resistant to poisons. (rPois)
You cover ground very slowly.
You can spit poison.
You have a snake-like lower body.


Message History

A quokka and a ball python come into view.
There are monsters nearby!
There are monsters nearby!
There are monsters nearby!
Casting: Beastly Appendage (safe; 11% risk of failure)
Confirm with . or Enter, or press ? or * to list all spells.
You grow a pair of large bovine horns.
Unknown command.
A quokka comes into view.
There is an open door here.
The quokka bites you. The quokka barely misses you.
The quokka closely misses you.
There is an open door here.
The quokka twitches its whiskers.
The quokka bites you.
You barely miss the quokka.
Your transformation is almost over.
The ball python hisses angrily.
The quokka closely misses you.
You closely miss the quokka. Your headbutt misses the quokka.
The quokka bites you.
You hit the quokka.
The quokka is moderately wounded.
The quokka bites you. x2
* * * LOW HITPOINT WARNING * * *
You miss the quokka.
The quokka is moderately wounded.
The quokka bites you.
* * * LOW HITPOINT WARNING * * *
You miss the quokka.
You headbutt the quokka, but do no damage.
The quokka is moderately wounded.
The quokka bites you.
* * * LOW HITPOINT WARNING * * *
You hit the quokka.
You kill the quokka!
It was a potion of invisibility.
You fade into invisibility!
The ball python bites you.
You die...

.....#
##.###.........#
.##### #.#
#.######..# .# #.#
#.........# .# ##+#
#########.# .#
##...# #.### ##
#.....# ###...# .##
.......## ##.###.#
..####
........####...##.#
.....+
.......rS@......#.#
..####
........####...##.#
.## .......##
#......# ## #.....#
#.###### # ##...#
#)# # ##.. #.# #
... #.# # ##. #.#
#.#


You could see a quokka and a ball python.

Vanquished Creatures
  A dart slug (D:1)
  A bat (D:1)
  An endoplasm (D:1)
  2 giant cockroaches (D:1)
  A quokka (D:1)
  3 frilled lizards (D:1)
  A kobold (D:1)
10 creatures vanquished.

Vanquished Creatures (others)
  4 toadstools (D:1)
4 creatures vanquished.

Grand Total: 14 creatures vanquished

Notes
Turn   | Place    | Note
-------+----------+-------------------------------------------
     0 | D:1      | ZappyNine the Naga Transmuter began the quest for the Orb.
     0 | D:1      | Reached XP level 1. HP: 18/18 MP: 3/3
   470 | D:1      | Reached XP level 2. HP: 14/25 MP: 3/5
  1064 | D:1      | HP: 1/25 [quokka (3)]
  1066 | D:1      | Slain by a ball python

Illustrated notes

Levels and vault maps discovered:
D:1:      ldierk_walled_garden_2, layout_loops_corners

Action                   || total
-------------------------++-------
Melee: Unarmed           ||    57
       Headbutt          ||     4
 Cast: Beastly Appendage ||     6
  Use: Potion            ||     1
 Stab: Sleeping          ||     1
Armor: Robe              ||     5
Dodge: Dodged            ||    25
